[Event "*** SCC Grand Prix: Titled Tuesday Blitz"]
[Site "Chess.com"]
[Date "2020.06.09"]
[Round "1"]
[White "mjray79"]
[Black "QuintilianoR"]
[Result "0-1"]
[WhiteElo "2317"]
[BlackElo "2638"]
[TimeControl "180+1"]
[EndTime "9:01:23 PDT"]
[Termination "QuintilianoR won by resignation"]

1. d4 Nf6 2. c4 c6 3. Nc3 d5 4.
Nf3 e6 5. e3 Nbd7 6. b3 Bb4 7.
Bb2 Qa5 8. Rc1 Ne4 9. Qc2 Qxa2 10. Ra1 Bxc3+ 11. Qxc3 Nxc3 12. Rxa2 Nxa2 0-1

[Event "*** SCC Grand Prix: Titled Tuesday Blitz"]
[Site "Chess.com"]
[Date "2020.06.09"]
[Round "1"]
[White "kushagramohan"]
[Black "zajka-molotok"]
[Result "1-0"]
[WhiteElo "2723"]
[BlackElo "2377"]
[TimeControl "180+1"]
[EndTime "9:01:47 PDT"]
[Termination "kushagramohan won by resignation"]

1. e4 d6 2. d4 Nf6 3. Nc3 c6 4. Nf3 Bg4 5. Be2 e6 6. O-O Be7 7. h3 Bxf3 8. Bxf3 d5 9. e5 Nfd7 10.
Ne2 O-O 11. Bf4 c5 12. c3 Nc6 13.
Qd2 Qb6 14. Rfd1 Rac8 15. Ng3 cxd4 16. cxd4 Nb4 17. a3 Rc3 18. bxc3 1-0

[Event "*** SCC Grand Prix: Titled Tuesday Blitz"]
[Site "Chess.com"]
[Date "2020.06.09"]
[Round "1"]
[White "GM_dmitrij"]
[Black "Unknown_IM"]
[Result "1-0"]
[WhiteElo "2969"]
[BlackElo "2461"]
[TimeControl "180+1"]
[EndTime "9:02:13 PDT"]
[Termination "GM_dmitrij won by resignation"]

1. e4 e5 2. Nf3 Nc6 3. Bc4 Bc5 4. c3 Nf6 5. d3 a6 6. O-O d6 7. Bb3 Ba7 8. Nbd2 O-O 9. h3 h6 10. Re1 Nh5 11. Nf1 Qf6 12. Ne3 Nf4 13. Ng4 Bxg4 14.
hxg4 Qg6 15. Bxf4 exf4 16. d4 Qxg4 17. Qd3 Rae8 18. Re2 Ne7 19. Rae1 Ng6 20. Bc2 c5 21. e5 dxe5 22. Nxe5 Re6 23. Nxg4 1-0

[Event "*** SCC Grand Prix: Titled Tuesday Blitz"]
[Site "Chess.com"]
[Date "2020.06.09"]
[Round "1"]
[White "Reader777"]
[Black "RusPakhom"]
[Result "1-0"]
[WhiteElo "2610"]
[BlackElo "2279"]
[TimeControl "180+1"]
[EndTime "9:02:33 PDT"]
[Termination "Reader777 won by resignation"]

1. d4 d6 2. c4 e5 3. Nc3 exd4 4. Qxd4 Nc6 5. Qd2 Be6 6. b3 Nf6 7. e4 Be7 8. Bb2 O-O 9. Nf3 a6 10. Bd3 Re8 11. O-O Bf8 12. Nd5 Nd7 13. Ng5 Nc5 14. Bc2 Bd7 15. e5 h6 16. Bh7+ 1-0

[Event "*** SCC Grand Prix: Titled Tuesday Blitz"]
[Site "Chess.com"]
[Date "2020.06.09"]
[Round "1"]
[White "PavelShkapenko"]
[Black "Boninknights"]
[Result "1-0"]
[WhiteElo "2685"]
[BlackElo "2354"]
[TimeControl "180+1"]
[EndTime "9:02:54 PDT"]
[Termination "PavelShkapenko won by resignation"]

1. e4 Nc6 2. d4 e5 3. Nf3 exd4 4.
Nxd4 Bc5 5. Be3 Qf6 6. Nb5 Bxe3 7.
fxe3 Qh4+ 8. g3 Qd8 9. Qg4 g6 10. Qf4 d6 11. N1c3 a6 12. Nd4 Ne5 13. Be2 Nf6 14. O-O-O O-O 15. Rhf1 Bg4 16. Qxf6 1-0

[Event "*** SCC Grand Prix: Titled Tuesday Blitz"]
[Site "Chess.com"]
[Date "2020.06.09"]
[Round "1"]
[White "ChelsieMonica"]
[Black "VishnuPrasanna"]
[Result "0-1"]
[WhiteElo "2361"]
[BlackElo "2693"]
[TimeControl "180+1"]
[EndTime "9:03:13 PDT"]
[Termination "VishnuPrasanna won by resignation"]

1. c4 Nf6 2. Nf3 e6 3. e3 d5 4. Nc3 c5 5. cxd5 exd5 6. d4 Nc6 7. Bb5 cxd4 8. Nxd4 Bd7 9. Bxc6 bxc6 10. O-O Bd6 11.
h3 O-O 12. Nf3 Qe7 13. b3 Rfd8 14. Bb2 Rac8 15. Ne2 Bf5 16. Qd4 c5 17. Qh4 Ne4 18. Qxe7 Bxe7 19. Rfd1 f6 20. Rac1 Kf7 21. Nf4 Be6 22.
h4 a5 23. Nd2 Nxd2 24. Rxd2 Bd6 25. g3 Bxf4 26. gxf4 c4 27. bxc4 dxc4 28. Rxd8 Rxd8 29. a4 Rb8 30. Bc3 Rb4 31. Bxb4 axb4 32. a5 b3 33. a6 b2 34. Rd1 c3 35. a7 c2 36. Rf1 Bd5 0-1

[Event "*** SCC Grand Prix: Titled Tuesday Blitz"]
[Site "Chess.com"]
[Date "2020.06.09"]
[Round "1"]
[White "NewBornNow"]
[Black "colegiodemadrid"]
[Result "1-0"]
[WhiteElo "2704"]
[BlackElo "2371"]
[TimeControl "180+1"]
[EndTime "9:03:14 PDT"]
[Termination "NewBornNow won by resignation"]

1. e4 e5 2. Nf3 Nc6 3. Bc4 Nf6 4. d3 h6 5. c3 d6 6. O-O g5 7. d4 g4 8. Nfd2 exd4 9. f4 gxf3 10. Nxf3 Bg7 11. cxd4 Nxe4 12. Re1 d5 13. Bxd5 Qxd5 14.
Nc3 Bxd4+ 15. Kh1 Be6 16. Rxe4 O-O-O 17. Nxd5 Bxd5 18. Rxd4 Bxf3 19. Rxd8+ Rxd8 20. Qxf3 Nd4 21. Qf1 1-0

[Event "*** SCC Grand Prix: Titled Tuesday Blitz"]
[Site "Chess.com"]
[Date "2020.06.09"]
[Round "1"]
[White "coalescenet"]
[Black "chargemax23"]
[Result "0-1"]
[WhiteElo "2350"]
[BlackElo "2676"]
[TimeControl "180+1"]
[EndTime "9:03:25 PDT"]
[Termination "chargemax23 won by resignation"]

1. d4 Nf6 2. c4 d6 3. Nf3 Bg4 4. Nc3 Nbd7 5. Bg5 h6 6. Bh4 c6 7. e3 e5 8. Be2 Be7 9. O-O O-O 10. b4 a5 11. a3 axb4 12. axb4 Qb6 13. Qb3 exd4 14.
exd4 Rxa1 15. Rxa1 Bxf3 16. c5 dxc5 17. dxc5 Nxc5 18.
Qc4 Bxe2 19. Qxe2 Ne6 20. Ne4 Qd4 21. Bxf6 Bxf6 22. Rb1 Rd8 23. g3 Ng5 24. Nc5 Qd5 25. h4 Nf3+ 0-1

[Event "*** SCC Grand Prix: Titled Tuesday Blitz"]
[Site "Chess.com"]
[Date "2020.06.09"]
[Round "1"]
[White "Monmoransy"]
[Black "AcsinteMatei"]
[Result "1-0"]
[WhiteElo "2645"]
[BlackElo "2324"]
[TimeControl "180+1"]
[EndTime "9:03:26 PDT"]
[Termination "Monmoransy won by resignation"]

1. e4 c6 2. d4 d5 3. Nd2 g6 4. c3 Bg7 5. Bd3 h5 6. h3 Nh6 7. Ngf3 dxe4 8. Nxe4 Bf5 9. Qe2 Nd7 10.
Nd6+ Kf8 11. Nxf5 Nxf5 12. Bf4 Bf6 13. O-O-O Qa5 14. Kb1 Kg7 15. g4 hxg4 16. hxg4 Nd6 17. g5 b5 18. gxf6+ Nxf6 19. Qxe7 Nc4 20. Bxc4 bxc4 21. Be5 1-0

[Event "*** SCC Grand Prix: Titled Tuesday Blitz"]
[Site "Chess.com"]
[Date "2020.06.09"]
[Round "1"]
[White "volcanoexplorer"]
[Black "IgotJinxed"]
[Result "1-0"]
[WhiteElo "2552"]
[BlackElo "2180"]
[TimeControl "180+1"]
[EndTime "9:03:28 PDT"]
[Termination "volcanoexplorer won by resignation"]

1. e4 c6 2. d4 d5 3. exd5 cxd5 4. Bd3 Nc6 5. c3 e5 6. dxe5 Nxe5 7. Bb5+ Nc6 8. Nf3 Nf6 9. O-O Be7 10. h3 O-O 11.
Bf4 a6 12. Ba4 Be6 13. Re1 h6 14. Nbd2 Bd6 15. Bxd6 Qxd6 16. Nf1 Rad8 17. Nd4 Nxd4 18.
Qxd4 b5 19. Bc2 Rc8 20. Ne3 Qc5 21. Red1 Rfd8 22. Rd2 Rd7 23. Rad1 Ne4 24. Bxe4 dxe4 25. Qxc5 1-0

[Event "*** SCC Grand Prix: Titled Tuesday Blitz"]
[Site "Chess.com"]
[Date "2020.06.09"]
[Round "1"]
[White "Belka1989"]
[Black "Vaathi_Coming"]
[Result "1-0"]
[WhiteElo "2455"]
[BlackElo "2847"]
[TimeControl "180+1"]
[EndTime "9:03:32 PDT"]
[Termination "Belka1989 won by checkmate"]

1. e4 e5 2. d4 exd4 3. Bc4 Nc6 4. Nf3 Nf6 5. O-O Nxe4 6. Nc3 dxc3 7. Bxf7+ Kxf7 8.
Qd5+ Ke8 9. Re1 Be7 10. Rxe4 Rf8 11. Bg5 Rf7 12. Bxe7 Nxe7 13. Ng5 Rf8 14. Rae1 cxb2 15. Qe5 b1=Q 16. Qxe7+ Qxe7 17. Rxe7+ Kd8 18. Nf7+ Rxf7 19.
Re8# 1-0

[Event "*** SCC Grand Prix: Titled Tuesday Blitz"]
[Site "Chess.com"]
[Date "2020.06.09"]
[Round "1"]
[White "GrigorGrigorov"]
[Black "frankshar"]
[Result "1-0"]
[WhiteElo "2740"]
[BlackElo "2389"]
[TimeControl "180+1"]
[EndTime "9:03:32 PDT"]
[Termination "GrigorGrigorov won by resignation"]

1. Nf3 d5 2. g3 e6 3. Bg2 c5 4. O-O Nc6 5. d4 Nf6 6. c4 Be7 7. cxd5 exd5 8. Nc3 O-O 9. dxc5 Bxc5 10. Na4 Be7 11. Be3 Re8 12. Rc1 Bg4 13. Re1 Bb4 14. Bd2 Bxd2 15. Qxd2 Ne4 16. Qf4 Qd7 17. Nc5 Nxc5 18.
Rxc5 Rad8 19. Nd4 Nxd4 20. Qxd4 Bxe2 21. Rxd5 Qc7 22. Rxe2 1-0

[Event "*** SCC Grand Prix: Titled Tuesday Blitz"]
[Site "Chess.com"]
[Date "2020.06.09"]
[Round "1"]
[White "Aradej"]
[Black "jucAxx"]
[Result "1-0"]
[WhiteElo "2508"]
[BlackElo "2078"]
[TimeControl "180+1"]
[EndTime "9:03:51 PDT"]
[Termination "Aradej won on time"]

1. d4 Nf6 2. Nf3 e6 3. e3 c5 4. Bd3 cxd4 5. exd4 d5 6. O-O Nc6 7. c3 Be7 8. Nbd2 O-O 9. Qe2 h6 10. Ne5 a6 11. f4 Re8 12. Rf3 1-0

[Event "*** SCC Grand Prix: Titled Tuesday Blitz"]
[Site "Chess.com"]
[Date "2020.06.09"]
[Round "1"]
[White "Natalya_Buksa"]
[Black "CakeinSpace2002"]
[Result "1-0"]
[WhiteElo "2561"]
[BlackElo "2198"]
[TimeControl "180+1"]
[EndTime "9:03:54 PDT"]
[Termination "Natalya_Buksa won by resignation"]

1. d4 Nf6 2. Nc3 d5 3. Bf4 a6 4. e3 g6 5. h4 h5 6. Nf3 Bg7 7. Ne5 c5 8. Be2 Nc6 9. Qd2 cxd4 10.
exd4 Qb6 11. Kd1 Qxd4 12. Nxc6 Qxd2+ 13. Kxd2 bxc6 14. Na4 O-O 15. Nb6 Rb8 16. Bxb8 Ne4+ 17. Ke1 Bxb2 18. Rd1 Bc3+ 19. Kf1 Be6 20. Bf4 a5 21.
Na4 Bb4 22. f3 Nf6 23. c3 Ba3 24. Kf2 Nd7 25. Be3 c5 26. Rb1 Rc8 27. Nb6 Nxb6 28. Rxb6 d4 29. cxd4 cxd4 30. Bxd4 Rc2 31. Rb8+ 1-0

[Event "*** SCC Grand Prix: Titled Tuesday Blitz"]
[Site "Chess.com"]
[Date "2020.06.09"]
[Round "1"]
[White "Caracternin123"]
[Black "Shushik"]
[Result "1-0"]
[WhiteElo "2550"]
[BlackElo "2176"]
[TimeControl "180+1"]
[EndTime "9:03:54 PDT"]
[Termination "Caracternin123 won by checkmate"]

1. d4 d5 2. Bf4 Nf6 3. e3 c5 4. c3 Nc6 5. Nd2 Bf5 6. Ngf3 e6 7.
Qb3 Qc8 8. Nh4 Be4 9. Nxe4 Nxe4 10. Nf3 Be7 11. Be2 O-O 12. O-O c4 13. Qc2 b5 14.
Nd2 Nxd2 15. Qxd2 b4 16. e4 Qd7 17. Bf3 dxe4 18. Bxe4 Bd6 19. Bxd6 Qxd6 20. Qe2 Rac8 21. Qxc4 bxc3 22. bxc3 Ne7 23. Qd3 Qa3 24. Bxh7+ Kh8 25.
Qh3 Rxc3 26. Bd3+ Kg8 27. Qh7# 1-0

[Event "*** SCC Grand Prix: Titled Tuesday Blitz"]
[Site "Chess.com"]
[Date "2020.06.09"]
[Round "1"]
[White "oskariot"]
[Black "CookiesAndIceCream"]
[Result "1-0"]
[WhiteElo "2637"]
[BlackElo "2316"]
[TimeControl "180+1"]
[EndTime "9:04:12 PDT"]
[Termination "oskariot won by resignation"]

1. e4 e6 2. d4 d5 3. Nd2 c5 4.
exd5 Qxd5 5. dxc5 Nf6 6. Ngf3 Qxc5 7. Bd3 Nbd7 8. O-O Be7 9. Qe2 O-O 10. c3 Qc7 11.
Bc2 b6 12. Ne4 Bb7 13. Bg5 h6 14. Bh4 Nd5 15. Bxe7 Nxe7 16. Rad1 Rad8 17. Nd6 Nf6 18. Nxb7 Qxb7 19. Ne5 Qc7 20. g3 Rd5 21. Rxd5 Nexd5 22. Rd1 Rd8 23. Kg2 Rd6 24. Qf3 Ne7 25. Rxd6 Qxd6 26. Qa8+ 1-0

[Event "*** SCC Grand Prix: Titled Tuesday Blitz"]
[Site "Chess.com"]
[Date "2020.06.09"]
[Round "1"]
[White "MYMChessAcademy"]
[Black "pheonixking2000"]
[Result "0-1"]
[WhiteElo "2404"]
[BlackElo "2762"]
[TimeControl "180+1"]
[EndTime "9:04:18 PDT"]
[Termination "pheonixking2000 won by resignation"]

1. e4 c6 2. d4 d5 3. e5 Bf5 4.
h4 h5 5. c4 e6 6. Nc3 Ne7 7. Bg5 Nd7 8. cxd5 exd5 9. Nge2 Qb6 10. Qd2 Qa5 11. Ng3 Bg6 12. Be2 Nb6 13. O-O Nc4 14.
Qc1 Nf5 15. Bxc4 dxc4 16. Nge4 Nxd4 17. Qd2 Bxe4 18. Qxd4 Bd3 19. Ne4 Qd5 20. Qxd5 cxd5 21. Nd6+ Bxd6 22. exd6 Bxf1 23. Re1+ Kd7 24. Re7+ Kxd6 25.
Kxf1 f6 0-1

[Event "*** SCC Grand Prix: Titled Tuesday Blitz"]
[Site "Chess.com"]
[Date "2020.06.09"]
[Round "1"]
[White "MarceloPlaya"]
[Black "Oneofmyturns"]
[Result "0-1"]
[WhiteElo "2237"]
[BlackElo "2578"]
[TimeControl "180+1"]
[EndTime "9:04:21 PDT"]
[Termination "Oneofmyturns won by resignation"]

1. e4 e5 2. Nf3 Nc6 3. d4 exd4 4.
Bc4 Bc5 5. Ng5 Nh6 6. Nxf7 Nxf7 7. Qh5 Bb4+ 8. c3 O-O 9. cxb4 Nxb4 10. Na3 d5 11. exd5 Re8+ 12. Kf1 Nd6 13. Bd2 a5 14. Re1 Bd7 15. Bxb4 axb4 16. Bd3 Rxe1+ 17. Kxe1 Qe8+ 0-1

[Event "*** SCC Grand Prix: Titled Tuesday Blitz"]
[Site "Chess.com"]
[Date "2020.06.09"]
[Round "1"]
[White "XiaoKangZhong"]
[Black "temus_galaktionov"]
[Result "1-0"]
[WhiteElo "2402"]
[BlackElo "2724"]
[TimeControl "180+1"]
[EndTime "9:04:23 PDT"]
[Termination "XiaoKangZhong won by resignation"]

1. e4 c6 2. d4 g6 3. Nc3 Bg7 4. Nf3 d6 5. h3 Nd7 6. Bc4 e5 7.
O-O Ngf6 8. dxe5 dxe5 9. Qd6 Bf8 10. Qd3 Bg7 11. Qd6 Qe7 12. Qxe7+ Kxe7 13. Be3 b6 14. a4 a6 15. b4 Bb7 16. b5 axb5 17. axb5 cxb5 18. Bxb5 Rhc8 19. Nd5+ Nxd5 20. exd5 Bxd5 21.
Bxd7 Kxd7 22. Rad1 Kc6 23. Nd2 b5 24. Rb1 Ra2 25. Rfc1 f5 26. f3 Bc4 27. Nxc4 bxc4 28. Rb6+ Kc7 29. Rcb1 Bf8 30. Rb7+ Kc6 31. R1b6+ Kd5 32.
Rd7+ 1-0

[Event "*** SCC Grand Prix: Titled Tuesday Blitz"]
[Site "Chess.com"]
[Date "2020.06.09"]
[Round "1"]
[White "chessdjw"]
[Black "Aleksandar-Topalov"]
[Result "1-0"]
[WhiteElo "2734"]
[BlackElo "2382"]
[TimeControl "180+1"]
[EndTime "9:04:25 PDT"]
[Termination "chessdjw won by resignation"]

1. e4 e6 2. d4 d5 3. Nc3 Bb4 4. e5 Qd7 5. Qg4 Bf8 6. a3 b6 7. Bb5 c6 8. Ba4 Ba6 9. Nge2 Ne7 10. O-O Bc4 11. Re1 b5 12. Bb3 Bxb3 13. cxb3 Na6 14. b4 Nb8 15. Nf4 g6 16. Nd3 h5 17. Qf3 Nf5 18. Ne2 a5 19. Bd2 axb4 20. Bxb4 Na6 21. Bxf8 Kxf8 22. Rac1 Rc8 23. Rc3 b4 24. axb4 Qb7 25.
Rec1 Nxb4 26. Rb3 Nxd3 27. Rxb7 Nxc1 28. Nxc1 Ra8 29. Nb3 Kg7 30. h3 Ra2 31. g4 hxg4 32.
hxg4 Nh6 33. Qf6+ Kh7 34. g5 1-0

[Event "*** SCC Grand Prix: Titled Tuesday Blitz"]
[Site "Chess.com"]
[Date "2020.06.09"]
[Round "1"]
[White "g3god"]
[Black "Slovak_fighter2000"]
[Result "1-0"]
[WhiteElo "2884"]
[BlackElo "2442"]
[TimeControl "180+1"]
[EndTime "9:04:29 PDT"]
[Termination "g3god won by resignation"]

1. e4 e6 2. d4 d5 3. Nc3 Nf6 4. e5 Nfd7 5. f4 c5 6. Nf3 Nc6 7. Be3 Be7 8. Qd2 O-O 9. Bd3 a6 10. Qf2 cxd4 11. Nxd4 Nxd4 12. Bxd4 b5 13. O-O Qc7 14.
Rae1 Nc5 15. f5 Nxd3 16. cxd3 Bg5 17. Qg3 Bh6 18. f6 b4 19. Ne2 Bd7 20. fxg7 Bxg7 21.
Nf4 Kh8 22. Nh5 Bh6 23. Qh4 Qd8 24. Nf6 Kg7 25. Rf3 1-0

[Event "*** SCC Grand Prix: Titled Tuesday Blitz"]
[Site "Chess.com"]
[Date "2020.06.09"]
[Round "1"]
[White "PlayChessSimple"]
[Black "parnali1611"]
[Result "1-0"]
[WhiteElo "2492"]
[BlackElo "2025"]
[TimeControl "180+1"]
[EndTime "9:04:31 PDT"]
[Termination "PlayChessSimple won by resignation"]

1. e4 e5 2. Nf3 Nc6 3. Nc3 Nf6 4. Bb5 Bb4 5. O-O O-O 6. d3 Bxc3 7. bxc3 d6 8. Re1 Qe7 9. d4 Bg4 10. h3 Bxf3 11. Qxf3 exd4 12. Bxc6 bxc6 13. cxd4 c5 14. dxc5 Qe5 15. Bf4 Qxc5 16. e5 dxe5 17. Bxe5 Nd5 18.
Rad1 c6 19. Qg3 f6 20. Bd6 Qxc2 21. Bxf8 Rxf8 22. Qd6 Nc3 23. Qe6+ Kh8 24. Rd8 1-0

[Event "*** SCC Grand Prix: Titled Tuesday Blitz"]
[Site "Chess.com"]
[Date "2020.06.09"]
[Round "1"]
[White "Ariadna_Atreides"]
[Black "Evgeny_Ermakov1965"]
[Result "0-1"]
[WhiteElo "1947"]
[BlackElo "2479"]
[TimeControl "180+1"]
[EndTime "9:04:41 PDT"]
[Termination "Evgeny_Ermakov1965 won by resignation"]

1. d4 d5 2. Nf3 Nf6 3. e3 Bf5 4. Bd3 Bg6 5. Ne5 Nbd7 6. Nxg6 hxg6 7. Nd2 e5 8. dxe5 Nxe5 9. Nf3 Bd6 10. h3 Qd7 11. Bd2 O-O-O 12. Qe2 Nxd3+ 13. Qxd3 Ne4 14. Qe2 Rhe8 15. O-O-O Qa4 16. Kb1 c5 17. Rc1 Re6 18.
c4 d4 19. Qd3 Nxf2 20. Qe2 Nxh1 21. Rxh1 dxe3 22. Bc3 Bg3 23. Ng5 Re7 24. Qg4+ Kb8 25. Qxg3+ Ka8 26. Nf3 Rd1+ 0-1

[Event "*** SCC Grand Prix: Titled Tuesday Blitz"]
[Site "Chess.com"]
[Date "2020.06.09"]
[Round "1"]
[White "GiorgianBarbosa"]
[Black "MirMan90"]
[Result "0-1"]
[WhiteElo "2335"]
[BlackElo "2649"]
[TimeControl "180+1"]
[EndTime "9:04:47 PDT"]
[Termination "MirMan90 won by resignation"]

1. Nf3 d5 2. d4 Nf6 3. g3 e6 4.
Bg2 b5 5. O-O Bb7 6. c3 Nbd7 7.
Bf4 c5 8. a4 b4 9. Nbd2 a5 10.
Ne5 Nxe5 11. Bxe5 Be7 12. e3 O-O 13. f4 Nd7 14. f5 exf5 15. Rxf5 g6 16. Rf1 f6 17.
Bf4 g5 18. Qg4 Kh8 19. e4 gxf4 20. Rxf4 cxd4 21. cxd4 Nb6 22. Qh5 Qe8 23. Qf5 Bc8 0-1

[Event "*** SCC Grand Prix: Titled Tuesday Blitz"]
[Site "Chess.com"]
[Date "2020.06.09"]
[Round "1"]
[White "aa175"]
[Black "LiverpooL174"]
[Result "1-0"]
[WhiteElo "2372"]
[BlackElo "2671"]
[TimeControl "180+1"]
[EndTime "9:04:49 PDT"]
[Termination "aa175 won by resignation"]

1. d4 Nf6 2. Nf3 d6 3. Bf4 Nbd7 4. e3 e5 5. dxe5 Nh5 6. Bg5 f6 7. exf6 Nhxf6 8. Nd4 Nc5 9. Nc3 c6 10. Nb3 d5 11. Be2 Nxb3 12. axb3 Be7 13. Qd4 O-O 14. O-O a6 15. Na4 Bf5 16. Bd3 Ne4 17. Bxe7 Qxe7 18. Bxe4 Bxe4 19. c4 Qg5 20. f3 Rxf3 21.
Rxf3 Bxf3 22. Qd2 Re8 23. Nc5 Rxe3 24. Rf1 Qg6 25. Nd7 Re2 26. Qxe2 1-0

[Event "*** SCC Grand Prix: Titled Tuesday Blitz"]
[Site "Chess.com"]
[Date "2020.06.09"]
[Round "1"]
[White "woodhy"]
[Black "kirillshevchenko"]
[Result "0-1"]
[WhiteElo "2452"]
[BlackElo "2930"]
[TimeControl "180+1"]
[EndTime "9:04:56 PDT"]
[Termination "kirillshevchenko won by resignation"]

1. e4 c5 2. Nf3 d6 3. d4 cxd4 4. Nxd4 Nf6 5. f3 e5 6. Bb5+ Nbd7 7. Nf5 d5 8. exd5 a6 9. Ba4 b5 10. Bb3 Nc5 11. Ne3 Nh5 12. O-O Nxb3 13. axb3 Bc5 14. Nc3 f5 15. Kh1 f4 16. Ng4 Ng3+ 17. hxg3 fxg3 18.
Nf2 0-1

[Event "*** SCC Grand Prix: Titled Tuesday Blitz"]
[Site "Chess.com"]
[Date "2020.06.09"]
[Round "1"]
[White "queen_iryna"]
[Black "TomsKantans"]
[Result "0-1"]
[WhiteElo "2309"]
[BlackElo "2630"]
[TimeControl "180+1"]
[EndTime "9:04:57 PDT"]
[Termination "TomsKantans won by resignation"]

1. d4 Nf6 2. Bg5 Ne4 3. Bf4 c5 4. f3 Nf6 5. dxc5 e5 6. Bxe5 Bxc5 7. e4 Qb6 8. Nh3 d5 9. Bxf6 Bxh3 10. Qxd5 Be6 11. Bb5+ Nc6 12. Bxc6+ bxc6 13. Qe5 gxf6 14. Qxf6 Bd4 0-1

[Event "*** SCC Grand Prix: Titled Tuesday Blitz"]
[Site "Chess.com"]
[Date "2020.06.09"]
[Round "1"]
[White "Bayernbk"]
[Black "FairChess_on_YouTube"]
[Result "0-1"]
[WhiteElo "2468"]
[BlackElo "3029"]
[TimeControl "180+1"]
[EndTime "9:05:04 PDT"]
[Termination "FairChess_on_YouTube won by resignation"]

1. e4 c5 2. c3 Nf6 3. e5 Nd5 4. d4 cxd4 5. Nf3 e6 6. cxd4 b6 7. Bd3 Bb7 8. Nc3 Na6 9. O-O Nab4 10. Bb1 Nxc3 11. bxc3 Nd5 12. Bd2 Rc8 13. Qb3 Ba6 14.
Rc1 Bc4 15. Qd1 Ba3 16. Ng5 Bxc1 17. Qxc1 f5 18. exf6 Nxf6 19. Qd1 O-O 20. Qf3 h6 21. Nh3 Bd5 22. Qg3 Be4 23. Bxh6 Qe7 24. Bg5 Bxb1 25. Rxb1 Qa3 26. Bxf6 Rxf6 27. Nf4 Rxc3 0-1

[Event "*** SCC Grand Prix: Titled Tuesday Blitz"]
[Site "Chess.com"]
[Date "2020.06.09"]
[Round "1"]
[White "cancrushyou"]
[Black "eljanov"]
[Result "0-1"]
[WhiteElo "2428"]
[BlackElo "2818"]
[TimeControl "180+1"]
[EndTime "9:05:04 PDT"]
[Termination "eljanov won by resignation"]

1. d4 Nf6 2. c4 e6 3. g3 d5 4. Nf3 Be7 5. Bg2 O-O 6. O-O dxc4 7. Qa4 a6 8. Qxc4 b5 9. Qc2 Bb7 10. Bd2 Be4 11. Qc1 c6 12. Rd1 Nbd7 13. Nc3 Bg6 14. Bg5 Rc8 15. Bxf6 Bxf6 16. b4 Qe7 17. a3 e5 18. d5 e4 19. Nd4 Bxd4 20. Rxd4 c5 21. d6 Qf6 22. Nxe4 Qxd4 0-1

[Event "*** SCC Grand Prix: Titled Tuesday Blitz"]
[Site "Chess.com"]
[Date "2020.06.09"]
[Round "1"]
[White "harkerchess"]
[Black "Alopekos"]
[Result "0-1"]
[WhiteElo "2015"]
[BlackElo "2484"]
[TimeControl "180+1"]
[EndTime "9:05:04 PDT"]
[Termination "Alopekos won by checkmate"]

1. d4 Nf6 2. Bg5 e6 3. e4 h6 4. Bxf6 Qxf6 5. c3 c5 6. Nf3 Nc6 7. Bb5 a6 8. Bxc6 bxc6 9. O-O d5 10. e5 Qg6 11. Nbd2 Be7 12. Qa4 Bd7 13. Qa5 Qd3 14. Nb3 cxd4 15. cxd4 Qb5 16. Qc3 O-O 17. Rac1 Rfb8 18.
Rc2 a5 19. Rb1 a4 20. Nc5 Be8 21. Ne1 f6 22. f4 Bxc5 23. Qxc5 Bg6 24. Rbc1 Bxc2 25.
Rxc2 Qxc5 26. dxc5 Rb4 27. g3 Rab8 28. Nd3 Rc4 29.
Rd2 Rd4 30. Kf2 fxe5 31. fxe5 Rf8+ 32. Ke3 Re4# 0-1

[Event "*** SCC Grand Prix: Titled Tuesday Blitz"]
[Site "Chess.com"]
[Date "2020.06.09"]
[Round "1"]
[White "smshk35"]
[Black "WIDBIFS"]
[Result "0-1"]
[WhiteElo "2334"]
[BlackElo "2654"]
[TimeControl "180+1"]
[EndTime "9:05:11 PDT"]
[Termination "WIDBIFS won by resignation"]

1. e4 c6 2. d4 d5 3. e5 g6 4. h3 Bg7 5. Nf3 f6 6. Bf4 Nh6 7. Qd2 Nf7 8. h4 Bg4 9. exf6 Bxf6 10. Nc3 Nd7 11. O-O-O Qb6 12. Re1 Bxf3 13. gxf3 Qxd4 14. h5 g5 15. Be3 Qxd2+ 16. Bxd2 O-O-O 17. Bh3 e5 18.
Be6 Rhf8 19. h6 Kc7 20. Rh5 Rde8 21. Bxf7 Rxf7 22. Bxg5 Bxg5+ 23. Rxg5 Re6 24. Rg7 Rxg7 25. hxg7 Rg6 26. f4 e4 27. Ne2 Rxg7 28. Nd4 Rf7 29.
c4 Kd6 30. cxd5 cxd5 31. Rh1 Rxf4 32. Rxh7 Rxf2 33. Rh6+ 0-1

[Event "*** SCC Grand Prix: Titled Tuesday Blitz"]
[Site "Chess.com"]
[Date "2020.06.09"]
[Round "1"]
[White "Kapibara_Warri0r"]
[Black "NateSolon"]
[Result "0-1"]
[WhiteElo "2116"]
[BlackElo "2521"]
[TimeControl "180+1"]
[EndTime "9:05:12 PDT"]
[Termination "NateSolon won by resignation"]

1. e4 c5 2. Nf3 e6 3. d4 cxd4 4. Nxd4 Nf6 5. Nc3 Nc6 6. g3 Bb4 7. Bg2 O-O 8. O-O d6 9. Nce2 a6 10. c3 Bc5 11. Bg5 h6 12. Be3 Ne5 13. h3 b5 14. Kh2 Bb7 15. Qc2 Rc8 16. Rad1 Qe7 17. Qb1 Rfd8 18. b3 d5 19. f4 Neg4+ 20. hxg4 Nxg4+ 21. Kg1 Nxe3 22. e5 b4 23. Rd3 Nxf1 24. Qxf1 bxc3 25.
Nxc3 Bxd4+ 26. Rxd4 Rxc3 0-1

[Event "*** SCC Grand Prix: Titled Tuesday Blitz"]
[Site "Chess.com"]
[Date "2020.06.09"]
[Round "1"]
[White "IwkooO"]
[Black "MF1966Idrisov"]
[Result "1-0"]
[WhiteElo "2596"]
[BlackElo "2268"]
[TimeControl "180+1"]
[EndTime "9:05:13 PDT"]
[Termination "IwkooO won by resignation"]

1. e4 c6 2. d4 d5 3. e5 g6 4. f4 h5 5. Nf3 Bg4 6. Bd3 Nh6 7. h3 Bxf3 8. Qxf3 h4 9. Be3 e6 10.
Nd2 Nf5 11. Bf2 Nd7 12. c3 Qa5 13. a4 a6 14. b4 Qc7 15. a5 O-O-O 16. Nb3 Kb8 17.
Nc5 Ka7 18. O-O Nxc5 19. bxc5 Be7 20. Rfb1 Rhg8 21. Rb6 Rb8 22. Rab1 g5 23. fxg5 Rxg5 24.
Bf1 Ng3 25. Bxg3 Rxg3 26. Qe2 Qc8 27. Qb2 Bd8 28. Bxa6 Bxb6 29. axb6+ Ka8 30. Bf1 1-0

[Event "*** SCC Grand Prix: Titled Tuesday Blitz"]
[Site "Chess.com"]
[Date "2020.06.09"]
[Round "1"]
[White "topotun"]
[Black "esrosenberg"]
[Result "1-0"]
[WhiteElo "2579"]
[BlackElo "2223"]
[TimeControl "180+1"]
[EndTime "9:05:13 PDT"]
[Termination "topotun won on time"]

1. e4 e5 2. Nf3 Nc6 3. Bb5 a6 4. Ba4 Nf6 5. Qe2 b5 6. Bb3 Bc5 7.
c3 O-O 8. d3 h6 9. h3 Ba7 10.
g4 d5 11. g5 dxe4 12. dxe4 hxg5 13. Bxg5 Qd6 14. Nbd2 Nh5 15. O-O-O Nf4 16. Bxf4 exf4 17. Rhg1 Qc5 18. Ng5 g6 19. Nxf7 Rxf7 20. Rxg6+ Kf8 21.
Bxf7 1-0